Map: Lost and Found LE

Players

Zanster - Winner!

  • Race: Zerg Zerg
  • League: Master
  • Spawn Location: 7:00

Rex

  • Race: Zerg Zerg
  • Spawn Location: 1:00

Event: WCS Austin 2018

VOD

Have the link to the VOD?

Description

Time

  • Played on: June 1, 2018, 3:08 p.m.
  • Length: 10:08

All games in this series

Show
View Real Time Build Order
Export as new Build Order

Zanster Zerg - Winner!

Build Orders: Hatch First 

Get SALT Encoding   

  12  0:00  Drone  
  13  0:13  Overlord  
  13  0:17  Drone  
  14  0:32  Drone x2  
  14  0:35  Drone  
  17  0:52  Hatchery  
  17  0:55  Drone  
  17  0:58  Drone  
  18  1:08  Extractor  
  17  1:13  Spawning Pool  
  17  1:16  Drone  
  17  1:19  Drone  
  18  1:29  Drone  
  19  1:40  Drone  
  20  1:51  Overlord  
  20  2:00  Queen  
  22  2:04  Queen  
  22  2:07  Drone x2  
  26  2:08  Metabolic Boost  
  26  2:12  Drone  
  26  2:15  Drone  
  28  2:22  Drone  
  29  2:30  Baneling Nest, Drone  
  29  2:35  Zergling x2  
  30  2:38  Zergling x2  
  31  2:46  Hatchery  
  31  2:48  Zergling x2  
  31  2:54  Overlord  
  31  3:08  Zergling x10  
  31  3:12  Zergling x6  
  39  3:16  Zergling x2  
  39  3:17  Zergling x2  
  41  3:20  Zergling x2  
  41  3:24  Overlord  
  42  3:31  Baneling x2  
  42  3:34  Baneling x2  
  42  3:36  Baneling  
  42  3:37  Baneling  
  43  3:48  Drone x2  
  43  3:49  Drone x5  
  43  3:55  Drone x3  
  49  3:58  Drone  
  49  4:02  Drone  
  49  4:05  Drone x2  
  49  4:12  Roach Warren  
  49  4:13  Drone  
  49  4:15  Drone  
  49  4:16  Drone  
  50  4:19  Extractor  
  50  4:21  Drone x3  
  50  4:24  Drone  
  53  4:28  Extractor  
  53  4:29  Overlord  
  53  4:30  Overlord  
  52  4:34  Overlord  
  52  4:41  Evolution Chamber  
  53  4:52  Roach  
  53  4:53  Roach x6  
  53  4:55  Roach  
  67  5:03  Roach x2  
  67  5:05  Overlord  
  71  5:07  Roach  
  71  5:09  Roach  
  71  5:13  Roach  
  76  5:15  Overlord  
  76  5:20  Roach  
  76  5:21  Zergling x2, Roach  
  81  5:26  Roach  
  81  5:27  Zergling x4, Roach  
  84  5:31  Zergling x2, Roach  
  78  5:37  Roach x2  
  78  5:40  Roach  
  78  5:41  Zergling x4  
  82  5:48  Roach x2  
  73  5:53  Roach  
  73  5:54  Roach  
  73  6:00  Roach  
  73  6:01  Queen  
  75  6:05  Roach x2  
  73  6:15  Roach x2  
  73  6:16  Roach  
  73  6:19  Roach  
  73  6:28  Roach x2  
  73  6:31  Drone  
  78  6:33  Drone  
  78  6:39  Lair  
  79  6:42  Drone x2  
  81  6:50  Drone x2  
  81  6:53  Overlord, Extractor  
  82  7:00  Drone x6  
  82  7:01  Drone  
  89  7:02  Drone  
  89  7:03  Drone  
  91  7:08  Zerg Missile Weapons Level 1  
  91  7:10  Drone  
  91  7:11  Overlord, Unknown  
  91  7:14  Overlord  
  92  7:21  Overlord  
  92  7:26  Drone  
  92  7:27  Roach x4  
  101  7:30  Drone  
  101  7:31  Drone x2  
  101  7:32  Drone  
  101  7:36  Glial Reconstitution  
  105  7:37  Overseer  
  105  7:38  Overlord, Drone  
  105  7:39  Drone x2  
  105  7:40  Roach  
  110  7:46  Roach x2  
  114  7:51  Extractor  
  114  7:52  Drone  
  114  7:54  Drone  
  114  7:55  Drone x2  
  114  7:57  Overlord  
  114  7:58  Drone  
  118  8:04  Drone x3  
  118  8:05  Drone  
  122  8:07  Extractor  
  122  8:08  Overlord  
  122  8:10  Unknown  
  121  8:14  Roach  
  121  8:15  Roach x4  
  121  8:19  Hatchery  
  130  8:22  Unknown  
  130  8:23  Roach x2  
  130  8:26  Roach x4  
  142  8:31  Overlord  
  142  8:33  Burrow  
  142  8:35  Roach  
  142  8:36  Overlord  
  142  8:37  Ravager  
  142  8:38  Ravager x2  
  142  8:40  Ravager  
  148  8:42  Roach  
  148  8:43  Roach  
  152  8:49  Roach x4  
  152  8:51  Roach  
  152  8:54  Overlord  
  162  9:05  Roach x3  
  168  9:11  Roach  
  168  9:12  Overlord  
  168  9:16  Roach  
  168  9:17  Roach x3  
  178  9:18  Overlord  
  178  9:20  Overlord  
  173  9:29  Hydralisk Den  
  163  9:37  Drone  
  163  9:38  Drone x10  
  164  9:45  Roach x2  
  162  9:46  Roach x5  
Show
View Real Time Build Order
Export as new Build Order

Rex Zerg 

Build Orders: Hatch First, Roach Nydus 

Get SALT Encoding   

  12  0:00  Drone  
  13  0:12  Overlord  
  13  0:16  Drone  
  14  0:30  Drone  
  14  0:32  Drone  
  16  0:37  Drone  
  17  0:52  Hatchery  
  17  0:54  Drone  
  17  0:58  Drone  
  18  1:06  Extractor  
  17  1:13  Spawning Pool  
  17  1:16  Drone  
  17  1:19  Drone  
  18  1:28  Drone  
  19  1:40  Overlord  
  19  1:50  Drone  
  20  1:59  Queen  
  22  2:03  Queen  
  22  2:04  Zergling x2  
  22  2:05  Drone  
  26  2:12  Drone  
  27  2:15  Drone  
  27  2:22  Drone  
  29  2:25  Drone  
  30  2:34  Drone  
  30  2:36  Lair  
  31  2:39  Queen  
  33  2:45  Evolution Chamber  
  33  2:46  Overlord  
  33  2:47  Drone x2  
  34  2:57  Drone, Roach Warren  
  33  2:58  Drone  
  33  3:04  Evolution Chamber  
  33  3:06  Drone x2  
  33  3:09  Drone  
  33  3:12  Drone  
  37  3:23  Drone x3  
  37  3:24  Overlord, Extractor  
  39  3:38  Evolution Chamber  
  39  3:40  Roach  
  39  3:41  Roach x2  
  44  3:45  Roach x2  
  44  3:48  Roach x2  
  52  3:59  Overlord, Evolution Chamber  
  49  4:09  Evolution Chamber  
  49  4:13  Overlord  
  49  4:14  Nydus Network  
  49  4:16  Roach  
  50  4:22  Roach  
  52  4:24  Queen  
  52  4:25  Queen  
  52  4:27  Roach  
  52  4:31  Roach  
  60  4:32  Roach  
  60  4:38  Roach  
  64  4:42  Roach  
  66  4:58  Overlord  
  66  4:59  Nydus Canal  
  66  5:05  Queen  
  66  5:06  Overlord  
  68  5:13  Overlord  
  68  5:15  Queen  
  70  5:22  Roach x2  
  72  5:30  Roach x2  
  72  5:32  Roach  
  72  5:33  Roach  
  72  5:35  Roach  
  78  5:41  Roach x2  
  78  5:45  Roach  
  76  5:51  Roach  
  76  5:56  Roach  
  66  6:00  Roach  
  66  6:08  Roach  
  58  6:11  Roach  
  58  6:13  Roach  
  58  6:18  Roach  
  52  6:22  Drone x3  
  52  6:23  Drone x2  
  55  6:27  Overseer  
  55  6:28  Drone  
  56  6:34  Hatchery  
  56  6:36  Drone x2  
  57  6:44  Drone  
  57  6:47  Drone  
  59  6:49  Extractor  
  59  6:51  Overlord  
  59  6:52  Drone x2  
  60  6:55  Zerg Missile Weapons Level 1, Drone  
  60  6:59  Extractor, Drone  
  60  7:01  Drone x3  
  64  7:09  Drone  
  64  7:10  Drone  
  64  7:13  Glial Reconstitution  
  66  7:18  Drone  
  66  7:19  Drone  
  66  7:20  Drone  
  66  7:22  Drone  
  70  7:26  Queen  
  70  7:29  Overlord  
  72  7:30  Overseer  
  72  7:31  Overlord  
  72  7:38  Spire  
  71  7:46  Overlord  
  71  7:49  Drone  
  71  7:50  Drone x5  
  77  7:56  Overlord  
  77  7:59  Roach x3  
  83  8:08  Overlord x3  
  83  8:15  Extractor  
  83  8:16  Extractor  
  83  8:17  Drone  
  82  8:21  Overlord  
  82  8:29  Drone  
  82  8:30  Drone x9  
  92  8:49  Mutalisk x7  
  92  8:51  Mutalisk  
  110  8:55  Roach  
  112  9:02  Roach  
  112  9:03  Roach x4  
  112  9:08  Roach  
  112  9:09  Roach x3  
  128  9:16  Roach x4  
  136  9:21  Roach x2  
  130  9:31  Roach x4  
  130  9:37  Roach Warren  
  129  9:38  Roach  
Tags
 
Add a new tag
Caveats
  • Supply blocks, unpowered buildings, or Contaminate may cause inaccurate times.
  • Supply counts are checked every 10 seconds.